 Dungeon Crawl Stone Soup version 0.17-a0-2024-gc284f19 (console) character file.

3885 loynis2 the Basher (level 10, -9/102 HPs)
             Began as an Ogre Chaos Knight on Oct 10, 2015.
             Killed by miscasting Regeneration (13 damage)
             ... on level 8 of the Dungeon.
             The game lasted 00:37:14 (6640 turns).

loynis2 the Basher (Ogre Chaos Knight)              Turns: 6640, Time: 00:37:14

Health: -9/102     AC:  6    Str: 24    XL:     10   Next: 19%
Magic:  14/17      EV: 10    Int: 11    God:    Xom [....*.]
Gold:   248        SH:  0    Dex: 12    Spells: 3 memorised, 14 levels left

rFire  . . .     SeeInvis +     R - +0 giant spiked club
rCold  + . .     Clarity  .     b - +2 robe
rNeg   + . .     SustAt   .     (no shield)
rPois  .         Gourm    .     (helmet restricted)
rElec  .         Spirit   .     e - +1 cloak
rCorr  .         Warding  .     (gloves unavailable)
rMut   .         Stasis   .     (boots unavailable)
MR     +....                    (no amulet)
Stlth  +.........               f - ring of see invisible
                                D - ring of positive energy

@: mighty, very slightly contaminated, drained, somewhat resistant to hostile
enchantments, very unstealthy
A: unfitting armour, fangs 1, cold resistance 1, deformed body, tough skin 1,
MP-powered wands
a: Renounce Religion


You were on level 8 of the Dungeon.
You worshipped Xom.
You were a beloved toy of Xom.
You were not hungry.

You visited 1 branch of the dungeon, and saw 8 of its levels.
You also visited: Ossuary.

You collected 430 gold pieces.
You spent 182 gold pieces at shops.

Inventory:

Hand Weapons
 a - a +0 mace of chaos
 y - a +1 flail of draining
 C - the +11 long sword "Ywajum" {pain, rC++}
   (You found it on level 5 of the Dungeon)

   In the hands of one skilled in necromantic magic, it inflicts extra damage on
   living creatures.
   It greatly protects you from cold.
 I - a +0 dire flail
 R - a +0 giant spiked club (weapon)
Missiles
 s - 25 poisoned needles
 w - 6 needles of confusion
Armour
 b - a +2 robe (worn)
 e - a +1 cloak (worn)
 u - a +0 shield
Jewellery
 f - a ring of see invisible (right hand)
 t - an uncursed ring of protection from fire
 D - a ring of positive energy (left hand)
 Q - an uncursed ring of teleportation
Wands
 h - a wand of draining (0)
 v - a wand of paralysis (17)
 x - a wand of fireball (5)
 T - a wand of frost (21)
 U - a wand of magic darts (41)
Scrolls
 j - a scroll of immolation
 o - 4 scrolls of remove curse
 p - 2 scrolls of teleportation
 G - a scroll of identify
 J - a scroll of recharging
Potions
 i - a potion of brilliance {unknown}
 l - 2 potions of curing
 m - 2 potions of poison {unknown}
 n - 2 potions of flight
 z - a potion of invisibility {unknown}
 A - a potion of resistance {unknown}
 B - a potion of magic {unknown}
 F - 2 potions of lignification {unknown}
 H - 2 potions of berserk rage {unknown}
 K - 2 potions of mutation {unknown}
 L - 2 potions of degeneration {unknown}
 M - a potion of agility {unknown}
Books
 E - a book of Necromancy

   Spells                             Type                      Level
   a - Pain                           Necromancy                   1
   b - Animate Skeleton               Necromancy                   1
   c - Vampiric Draining              Necromancy                   3
   d - Regeneration                   Charms/Necromancy            3
   e - Animate Dead                   Necromancy                   4
   f - Control Undead                 Necromancy                   4
Comestibles
 c - 10 bread rations
 d - a royal jelly
 g - 2 beef jerkies
 q - a slice of pizza
 r - 2 meat rations
 O - a chunk of flesh


   Skills:
 - Level 7.5(7.4) Fighting
 * Level 14.4(14.3) Maces & Flails
 - Level 2.1(2.0) Dodging
 - Level 5.0(4.9) Spellcasting
 + Level 3.3(3.2) Necromancy
 + Level 2.5(2.4) Evocations


You had 14 spell levels left.
You knew the following spells:

 Your Spells              Type           Power        Failure   Level  Hunger
a - Pain                  Necr           #...         6%          1    None
b - Regeneration          Chrm/Necr      #.........   38%         3    ###....
c - Animate Skeleton      Necr           N/A          6%          1    None


Dungeon Overview and Level Annotations

Branches:
Dungeon (8/15)             Temple (0/1) D:7
   Lair: D:8-11

Altars:
Elyvilon
Fedhas
Kikubaaqudgha
Makhleb
Okawaru
Vehumet
Xom
Zin
The Shining One

Shops:
D:6 ?

Annotations:
D:8 Joseph


Innate Abilities, Weirdness & Mutations

You are too large for most types of armour.
You have tough skin (AC +1).
You have very sharp teeth.
Your flesh is cold resistant.
Armour fits poorly on your strangely shaped body.
You expend magic power (3 MP) to strengthen your wands.


Message History

Joseph shoots a sling bullet.
The sling bullet hits you!
* * * LOW HITPOINT WARNING * * *
Read which item? (? for menu, Esc to quit)
As you read the scroll of fog, it crumbles to dust.
The scroll dissolves into smoke.
Joseph shoots a sling bullet.
The sling bullet hits you!
* * * LOW HITPOINT WARNING * * *
Xom is amused.
Remove which piece of jewellery? (? for menu, Esc to quit)
Okay, then.
Read which item? (? for menu, Esc to quit)
Blink to where?
Press: ? - help, Dir - move target cursor You are very lightly contaminated with residual magic.
As you read the scroll of blinking, it crumbles to dust.
Casting: Regeneration
Confirm with . or Enter, or press ? or * to list all spells.
You miscast Regeneration.
Pain shoots through your body!
You die...
Xom roars with laughter!

### ..# ######### #.####
.......## #.##.##### #
##.##.....######@#.......
. (.....#
#...............# §.§§..#
...#####...#####.#
.##...###<#.# ##(...#
...### §.###.......#
#.....##......
.#.##.###.#.#
##..........# ..###.#
#..#####..#.§a###..####
>## #.# #........#.§.+
.... .# ##)#
##.#.##..#.§§###..#


You could see a worker ant.

Vanquished Creatures
  Pikel (D:7)
  Grinder (D:5)
  A spriggan (D:8)
  Menkaure (D:7)
  Edmund (D:6)
  A soldier ant (D:8)
  3 ogres
  2 orc warriors (D:7)
  A phantom (D:6)
  2 necrophages
  A centaur (D:4)
  2 elf zombies (Ossuary)
  3 giant frogs
  A gnoll sergeant (D:7)
  3 wights (D:8)
  6 killer bees (D:7)
  2 crimson imps (D:5)
  3 orc wizards
  A human zombie (Ossuary)
  An iguana (D:4)
  2 centaur skeletons
  3 jellies
  3 hounds
  4 orc priests
  2 centaur zombies (Ossuary)
  6 worker ants
  A big kobold zombie (Ossuary)
  2 mummies (Ossuary)
  2 worker ant zombies (D:5)
  4 gnolls (D:7)
  A river rat (D:2)
  3 shadow imps
  14 adders
  An ooze (D:1)
  2 adder zombies (Ossuary)
  A worm (D:2)
  25 orcs
  10 giant cockroaches
  10 hobgoblins
  6 jackals
  3 quokkas
  2 ball pythons
  8 bats
  6 giant geckos
  A giant gecko zombie (D:6)
  4 giant newts
  5 goblins
  A goblin zombie (Ossuary)
  10 hobgoblin zombies (Ossuary)
  2 jackal zombies (Ossuary)
  3 kobolds
  10 kobold zombies (Ossuary)
  5 orc zombies (Ossuary)
  7 rats
  A rat zombie (Ossuary)
207 creatures vanquished.

Vanquished Creatures (collateral kills)
  A jackal (D:3)
  A rat (shapeshifter) (D:3)
2 creatures vanquished.

Grand Total: 209 creatures vanquished

Notes
Turn   | Place    | Note
--------------------------------------------------------------
     0 | D:1      | loynis2 the Ogre Chaos Knight began the quest for the Orb.
     0 | D:1      | Reached XP level 1. HP: 24/24 MP: 1/1
    53 | D:1      | XOM: divination: detect creatures
    76 | D:1      | HP: 1/24 [giant gecko (1)]
   131 | D:1      | XOM: silly message
   132 | D:1      | Reached XP level 2. HP: 32/32 MP: 2/2
   230 | D:1      | Reached skill level 5 in Maces & Flails
   390 | D:1      | Reached XP level 3. HP: 39/39 MP: 3/3
   612 | D:1      | XOM: harmless Air miscast
   648 | D:1      | XOM: harmless Pois miscast
   677 | D:1      | XOM: divination: detect creatures
   742 | D:2      | Found a glowing silver altar of Zin.
   742 | D:2      | Found a shimmering altar of Xom.
   743 | D:2      | Noticed an angel
  1019 | D:2      | XOM: harmless Pois miscast
  1084 | D:2      | Reached XP level 4. HP: 41/49 MP: 4/4
  1148 | D:2      | Found a blossoming altar of Fedhas.
  1152 | D:2      | Found an ancient bone altar of Kikubaaqudgha.
  1199 | D:2      | Reached skill level 6 in Maces & Flails
  1242 | D:2      | Found a glowing golden altar of the Shining One.
  1356 | D:3      | XOM: mild Hex miscast
  1462 | D:3      | XOM: mild Conj miscast
  1463 | D:3      | XOM: mild Conj miscast
  1625 | D:3      | Reached skill level 5 in Fighting
  1801 | D:3      | Found a white marble altar of Elyvilon.
  1804 | D:3      | Found a burning altar of Makhleb.
  1808 | D:3      | Found a radiant altar of Vehumet.
  2029 | D:4      | Reached XP level 5. HP: 57/57 MP: 5/5
  2036 | D:4      | XOM: harmless Divn miscast
  2148 | D:4      | Reached skill level 7 in Maces & Flails
  2167 | D:4      | Noticed a necrophage
  2178 | D:4      | Killed a necrophage
  2178 | D:4      | Reached XP level 6. HP: 53/67 MP: 6/6
  2280 | D:4      | XOM: give mutations
  2280 | D:4      | Gained mutation: You have very sharp teeth. [Xom's grace]
  2280 | D:4      | Gained mutation: Your mind is acute. (Int +2) [Xom's grace]
  2512 | D:4      | XOM: divination: magic mapping
  2520 | D:4      | Noticed a centaur
  2527 | D:4      | Reached skill level 8 in Maces & Flails
  2597 | D:4      | Killed a centaur
  2822 | D:4      | XOM: silly message
  2843 | D:4      | Reached XP level 7. HP: 59/76 MP: 7/7
  2930 | D:4      | XOM: mild Erth miscast
  3220 | D:4      | XOM: silly message
  3253 | D:5      | Entered Level 5 of the Dungeon
  3369 | D:5      | Reached skill level 9 in Maces & Flails
  3381 | D:5      | Noticed Grinder
  3392 | D:5      | XOM: confuse monster(s)
  3402 | D:5      | XOM: divination: detect creatures
  3404 | D:5      | Killed Grinder
  3431 | D:5      | Reached skill level 10 in Maces & Flails
  3456 | D:5      | XOM: confuse monster(s)
  3655 | D:5      | Got a polished long sword
  3692 | D:5      | Identified the +11 long sword "Ywajum" {pain, rC++} (You found it on level 5 of the Dungeon)
  3779 | D:5      | XOM: summons friendly white imp
  3780 | D:5      | Reached XP level 8. HP: 87/87 MP: 8/8
  3862 | D:5      | XOM: give mutations
  3862 | D:5      | Gained mutation: You expend magic power (3 MP) to strengthen your wands. [Xom's mischief]
  3862 | D:5      | Gained mutation: Your flesh is cold resistant. [Xom's mischief]
  3862 | D:5      | Lost mutation: Your mind is acute. (Int +2) [Xom's mischief]
  3862 | D:5      | Gained mutation: Armour fits poorly on your strangely shaped body. [Xom's mischief]
  4192 | D:6      | Learned a level 1 spell: Pain
  4196 | D:6      | Learned a level 3 spell: Regeneration
  4198 | D:6      | Learned a level 1 spell: Animate Skeleton
  4305 | D:6      | XOM: mild Divn miscast
  4326 | D:6      | Noticed Edmund
  4337 | D:6      | Killed Edmund
  4337 | D:6      | Reached skill level 11 in Maces & Flails
  4337 | D:6      | Reached skill level 1 in Spellcasting
  4365 | D:6      | Found Xeojuc's Magic Scroll Emporium.
  4368 | D:6      | Bought a scroll of recharging for 133 gold pieces
  4368 | D:6      | Bought a scroll of magic mapping for 49 gold pieces
  4405 | D:6      | Found a sand-covered staircase.
  4410 | Ossuary  | Entered an ossuary
  4425 | Ossuary  | XOM: mild Erth miscast
  4550 | Ossuary  | XOM: confusion
  4555 | Ossuary  | XOM: mild Summ miscast
  4559 | Ossuary  | XOM: 2-stop teleportation journey
  4570 | Ossuary  | XOM: noise
  4702 | Ossuary  | XOM: summons 1 hostile demon
  4757 | Ossuary  | XOM: colour smoke trail
  4917 | D:6      | XOM: 2-stop teleportation journey
  4961 | D:6      | XOM: blink monster(s)
  4964 | D:6      | Reached skill level 12 in Maces & Flails
  5234 | D:6      | Reached XP level 9. HP: 67/93 MP: 14/14
  5355 | D:7      | Reached skill level 1 in Necromancy
  5358 | D:7      | Found an iron altar of Okawaru.
  5683 | D:7      | Found a staircase to the Ecumenical Temple.
  5768 | D:7      | Noticed Menkaure
  5772 | D:7      | Killed Menkaure
  5772 | D:7      | Reached skill level 13 in Maces & Flails
  5799 | D:7      | XOM: swap monsters
  5803 | D:7      | XOM: harmless Pois miscast
  5813 | D:7      | Reached skill level 5 in Spellcasting
  5926 | D:7      | XOM: noise
  5928 | D:7      | XOM: potion effect (might)
  5986 | D:7      | XOM: harmless Necr miscast
  5987 | D:7      | Reached skill level 1 in Evocations
  6178 | D:7      | Noticed Pikel
  6188 | D:7      | XOM: confusion
  6191 | D:7      | Killed Pikel
  6191 | D:7      | Reached skill level 14 in Maces & Flails
  6191 | D:7      | Reached XP level 10. HP: 40/100 MP: 17/17
  6469 | D:8      | XOM: colour smoke trail
  6481 | D:8      | XOM: 3-stop teleportation journey
  6623 | D:8      | Noticed Joseph
  6634 | D:8      | XOM: polymorph two-headed ogre -> soldier ant
  6637 | D:8      | HP: 3/102 [Joseph/sling bullet (12)]
  6640 | D:8      | Killed by miscasting Regeneration

Vault maps used:
D:1:      minmay_arrival_radiant_lines
D:2:      grunt_temple_overflow_growth_and_decay,
          grunt_temple_overflow_order_and_chaos_1,
          nicolae_tso_swordbearing_angel, serial_park_tiny_2,
          minmay_misc_feat_secret_circle
D:3:      grunt_temple_overflow_diamond
D:5:      first_bread, uniq_grinder
D:6:      nicolae_ossuary_entry_false_entrances, serial_shops,
          nicolae_shop_behind_doors, uniq_edmund
D:7:      minmay_temple_entry_trees, okawaru_gym_becter, uniq_pikel,
          uniq_menkaure
D:8:      minitemple, serial_shops, kennysheep_mini_moat, the_bakery,
          corexii_corridor_pit, uniq_joseph, uniq_erica
Ossuary:  ossuary_tomb_1

Action                   |  1- 3 |  4- 6 |  7- 9 | 10-12 || total
-------------------------+-------+-------+-------+-------++-------
Melee: Mace              |   109 |   178 |   102 |       ||   389
       Long sword        |       |       |    11 |     8 ||    19
       Dire flail        |       |       |   156 |       ||   156
       Flail             |       |       |    31 |       ||    31
       Giant spiked club |       |       |   131 |    36 ||   167
 Cast: Animate Skeleton  |       |       |     5 |     2 ||     7
       Regeneration      |       |       |       |     1 ||     1
Evoke: Wand              |       |       |    11 |     1 ||    12
  Use: Potion            |     3 |       |     5 |     3 ||    11
       Scroll            |       |     8 |     6 |     2 ||    16
 Stab: Paralysed         |     1 |     1 |       |       ||     2
       Sleeping          |       |     2 |     2 |       ||     4
       Petrified         |       |     2 |       |       ||     2
       Petrifying        |       |     1 |       |       ||     1
  Eat: Chunk             |     1 |     6 |    11 |     2 ||    20
